 Dungeon Crawl Stone Soup version 0.23.0 (webtiles) character file.

Game seed: 13387864406122134740

3705 Monsterracer the Cruncher (level 10, -1/82 HPs)
             Began as a Formicid Chaos Knight on Feb 11, 2019.
             Was a Plaything of Xom.
             Slain by a troll (8 damage)
             ... on level 9 of the Dungeon.
             The game lasted 00:10:36 (6414 turns).

Monsterracer the Cruncher (Formicid Chaos Knight)   Turns: 6414, Time: 00:10:37

Health: -1/82      AC: 13    Str: 22    XL:     10   Next: 35%
Magic:  10/10      EV: 10    Int: 12    God:    Xom [*.....]
Gold:   248        SH:  0    Dex:  6    Spells: 8/9 levels left

rFire    + . .     SeeInvis +   a - +2 quarterstaff (chaos)
rCold    . . .     Gourm    .   (no shield)
rNeg     . . .     Faith    .   w - +0 chain mail
rPois    +         Spirit   .   (helmet unavailable)
rElec    .         Reflect  .   A - +0 cloak {MR+}
rCorr    .         Harm     .   (no gloves)
MR       ++...     Clarity  +   (no boots)
Stlth    ..........             (no amulet)
HPRegen  0.23/turn              P - ring of poison resistance {!d}
MPRegen  0.12/turn              b - ring "Touhot" {rF+ Str+2 Dex-4 Slay+2}

@: frozen, very slow
A: permanent stasis, dig shafts and tunnels, four strong arms, antennae 3,
repulsion field 1, icy blue scales 1, clarity
a: Dig, Shaft Self, Renounce Religion


You were on level 9 of the Dungeon.
You worshipped Xom.
You were a special plaything of Xom.
You were hungry.

You visited 2 branches of the dungeon, and saw 10 of its levels.

You collected 443 gold pieces.
You spent 195 gold pieces at shops.

Inventory:

Hand Weapons
 a - a +2 quarterstaff of chaos (weapon)
Armour
 w - a +0 chain mail (worn)
 y - a +2 ring mail of poison resistance
 A - a +0 cloak of magic resistance (worn)
Jewellery
 b - the ring "Touhot" (right hand) {rF+ Str+2 Dex-4 Slay+2}
   (Xom gifted it to you on level 6 of the Dungeon)

   [ring of protection from fire]

   It affects your strength (+2).
   It affects your dexterity (-4).
   It affects your accuracy and damage with ranged weapons and melee attacks
   (+2).
   It protects you from fire.
 P - a ring of poison resistance (left hand) {!d}
Wands
 n - a wand of digging (6)
 t - a wand of flame (7)
Scrolls
 d - 2 scrolls of remove curse {unknown}
 e - 9 scrolls of identify {unknown}
 j - 2 scrolls of enchant weapon {unknown}
 m - 5 scrolls of teleportation {unknown}
 o - a scroll of immolation {unknown}
 r - 3 scrolls of magic mapping {unknown}
 s - a scroll of random uselessness {unknown}
Potions
 f - a potion of haste {unknown}
 g - a potion of brilliance {unknown}
 h - 2 potions of degeneration {unknown}
 i - 2 potions of flight {unknown}
 k - a potion of might {unknown}
 p - a potion of agility {unknown}
 q - 2 potions of heal wounds {unknown}
 u - 2 potions of curing {unknown}
 x - a potion of mutation {unknown}
 z - 2 potions of ambrosia {unknown}
Comestibles
 c - 11 rations
 v - a chunk of flesh


   Skills:
 + Level 8.7 Fighting
   Level 4.5(7.8) Maces & Flails
 * Level 9.8(10.2) Staves
 + Level 6.4 Armour
 - Level 2.6 Dodging


You had 8 spell levels left.
You knew the following spells:

 Your Spells              Type           Power        Failure   Level  Hunger
z - Apportation           Tloc           #.....       94%         1    ##.....

Your spell library contained the following spells:

 Spells                   Type           Power        Failure   Level  Hunger
 Animate Skeleton         Necr           N/A          94%         1    ##.....
 Confusing Touch          Hex            #.....       94%         1    ##.....
 Summon Small Mammal      Summ           #...         94%         1    ##.....
 Ice Form                 Ice/Tmut       #.......     100%        4    #####..
 Metabolic Englaciation   Hex/Ice        #.........   100%        5    ######.
 Bolt of Cold             Conj/Ice       #.........   100%        6    #######
 Freezing Cloud           Conj/Ice/Air   #.........   100%        6    #######
 Ozocubu's Refrigeration  Ice            #.........   100%        6    #######
 Simulacrum               Ice/Necr       #.........   100%        6    #######


Dungeon Overview and Level Annotations

Branches:
Dungeon (9/15)             Temple (0/1) D:7            Lair (1/6) D:9
    Orc: D:9-12

Altars:
Ashenzari
Gozag
Makhleb
Wu Jian
Xom
The Shining One

Shops:
D:4 *   D:9 [

Annotations:
D:8 Harold, Pikel


Innate Abilities, Weirdness & Mutations

You cannot be hasted, slowed, berserked, paralysed or teleported.
You can dig through walls and to a lower floor.
Your four strong arms can wield two-handed weapons with a shield.
You have a pair of large antennae on your head. (SInv)
You are surrounded by a mild repulsion field. (EV +2)
You are partially covered in icy blue scales. (AC +2)
You possess an exceptional clarity of mind.


Message History

Your ice beast hits the orc warrior but does no damage.
The orc warrior misses you.
The orc warrior hits your ice beast with a +0 war axe!
You hit the orc warrior but do no damage.
The orc warrior is moderately wounded.
Your ice beast completely misses the orc warrior.
The orc warrior hits you with a +0 war axe.
* * * LOW HITPOINT WARNING * * *
The orc warrior hits your ice beast with a +0 war axe!
Your ice beast dies!
You take 6 damage, and have 27/82 hp.
Unknown command.
You closely miss the orc warrior.
The orc warrior is moderately wounded.
You hit the orc warrior but do no damage.
The orc warrior is moderately wounded.
An orc comes into view. It is wielding a +0 flail.
The orc warrior hits you with a +0 war axe!
* * * LOW HITPOINT WARNING * * *
The orc hits you but does no damage.
You take 6 damage, and have 21/82 hp.
Unknown command.
Things that are here:
a cursed +0 animal skin; a human skeleton The sentinel's mark upon you fades away.
You sock the orc warrior!
You feel better.
The orc warrior is heavily wounded.
The orc warrior closely misses you.
You regained 2 hp, and now have 23/82 hp.
You closely miss the orc warrior.
The orc warrior is heavily wounded.
An ogre comes into view. It is wielding a +0 giant club.
The orc throws a steel tomahawk.
The steel tomahawk hits you but does no damage.
You see here a steel tomahawk.
Your chain mail prevents you from hitting the orc warrior.
The orc warrior is heavily wounded.
The orc warrior hits you with a +0 war axe.
* * * LOW HITPOINT WARNING * * *
You take 6 damage, and have 18/82 hp.
Unknown command.
You hit the orc warrior. You drain the orc warrior.
The orc warrior is almost dead.
The orc warrior hits you with a +0 war axe.
* * * LOW HITPOINT WARNING * * *
You take 2 damage, and have 16/82 hp.
Unknown command.
You hit the orc warrior but do no damage.
The orc warrior is almost dead.
You completely miss the orc warrior.
The orc warrior is almost dead.
The orc warrior hits you but does no damage.
You see here a runed robe.
You barely miss the orc warrior.
The orc warrior is almost dead.
Found 7 steel javelins.
You sock the orc warrior!
You kill the orc warrior!
The orc hits you but does no damage. The orc hits you but does no damage. x2
You are now a special plaything of Xom.
Found a mace.
You sock the orc!
You kill the orc!
A gnoll sergeant comes into view. It is wielding a +0 spear.
A gnoll comes into view.
The gnoll shouts!
The gnoll sergeant barely misses you.
An orc comes into view. It is wielding a +0 dagger.
A troll comes into view.
The gnoll sergeant closely misses you.
The gnoll sergeant hits you with a +0 spear.
* * * LOW HITPOINT WARNING * * *
A big kobold comes into view.
A gnoll sergeant comes into view. It is wielding a +0 spear. x2
A gnoll sergeant comes into view. It is wielding a +0 spear of freezing.
You take 5 damage, and have 15/82 hp.
Unknown command.
The orc hits you but does no damage.
The gnoll sergeant hits you but does no damage.
The gnoll sergeant barely misses you. The gnoll barely misses you.
The big kobold shouts!
Xom giggles.
You are encased in ice!
* * * LOW HITPOINT WARNING * * *
The gnoll sergeant barely misses you. The gnoll barely misses you.
You take 12 damage, and have 4/82 hp.
Unknown command.
The gnoll sergeant barely misses you. The orc closely misses you.
Some of the chunks of flesh in your inventory have rotted away.
You are feeling hungry.
The orc hits you but does no damage. The troll bites you but does no damage.
The troll claws you but does no damage. x2
The gnoll sergeant hits you but does no damage.
Xom's attention turns to you for a moment.
Waves of light ripple over your body.
Found 16 stones.
The troll bites you!
You die...
Xom bursts into laughter!

....................#..
........................
...........K..........(.
#.......................
##.........Og...........
#........{{.#og.........
.......{..{###..........
.......K{{## ##To.......
.........## ##@.#.#..
........g.## ##.## .
...........###..#.#
..#.#.....O.#....##.
...###.#........# .#
...#...#........#.#
(.###.##..........#
...####...........# ..##
######)....##


You could see a troll, a big kobold, an ogre, 2 gnoll sergeants and 2 orcs.

Vanquished Creatures
  Maurice (Lair:1)
  A troll (D:9)
  A hungry ghost (D:3)
  3 orc warriors
  2 sky beasts
  4 phantoms
  A necrophage (D:9)
  An eye of draining (D:9)
  3 ogres
  2 crocodiles
  A gnoll sergeant (Lair:1)
  2 bullfrogs
  3 scorpions
  The ghost of redwoodhats the Grave Robber, a weakling DDNe (D:3)
  5 wights (D:9)
  2 howler monkeys (D:9)
  A crimson imp (D:9)
  2 centaur zombies (D:5)
  A jelly (D:7)
  4 hounds
  2 orc priests
  Crazy Yiuf (D:2)
  An orc wizard (D:9)
  3 worker ants
  2 hound skeletons
  A howler monkey zombie (D:7)
  Robin (D:2)
  9 gnolls
  8 adders
  An adder zombie (D:6)
  6 worms
  4 dart slugs
  5 leopard geckos
  18 orcs
  4 ball pythons
  7 bats
  2 giant cockroaches
  17 goblins
  9 hobgoblins
  9 jackals
  7 kobolds
  4 quokkas
  A ball python skeleton (D:5)
  A ball python zombie (D:3)
  A frilled lizard (D:1)
  A jackal skeleton (D:3)
  A leopard gecko skeleton (D:4)
  A quokka zombie (D:5)
  14 rats
182 creatures vanquished.

Vanquished Creatures (collateral kills)
  Sigmund (D:5)
  A slave (D:9)
  A scorpion (D:5)
  A hound skeleton (D:5)
  A goblin (D:2)
5 creatures vanquished.

Vanquished Creatures (others)
  A gnoll (D:9)
1 creature vanquished.

Grand Total: 188 creatures vanquished

Notes
Turn   | Place    | Note
-------+----------+-------------------------------------------
     0 | D:1      | Monsterracer the Formicid Chaos Knight began the quest for
                  | the Orb.
     0 | D:1      | Reached XP level 1. HP: 18/18 MP: 1/1
    15 | D:1      | XOM: harmless Pois miscast
    49 | D:1      | XOM: divination: detect creatures
   131 | D:1      | Reached XP level 2. HP: 24/24 MP: 2/2
   200 | D:1      | XOM: harmless Tloc miscast
   400 | D:1      | Reached XP level 3. HP: 30/30 MP: 3/3
   521 | D:2      | Found a glowing golden altar of the Shining One.
   568 | D:2      | XOM: harmless Summ miscast
   623 | D:2      | Reached XP level 4. HP: 29/37 MP: 4/4
   706 | D:2      | Noticed Robin
   829 | D:2      | Found a runed translucent door.
   830 | D:2      | Noticed Crazy Yiuf
   842 | D:2      | Killed Crazy Yiuf
   908 | D:2      | Killed Robin
   908 | D:2      | Reached XP level 5. HP: 30/42 MP: 5/5
   918 | D:2      | Reached skill level 1 in Staves
  1018 | D:2      | XOM: harmless Tmut miscast
  1202 | D:2      | Found an ornate altar of the Wu Jian Council.
  1232 | D:2      | XOM: enchant monster (good)
  1337 | D:2      | XOM: noise
  1497 | D:3      | XOM: smoke on damage
  1506 | D:3      | XOM: harmless Fire miscast
  1717 | D:3      | Found a shattered altar of Ashenzari.
  1778 | D:3      | Found a runed translucent gate.
  1778 | D:3      | Found a runed translucent gate.
  1778 | D:3      | Found a runed translucent gate.
  1783 | D:3      | Noticed redwoodhats's ghost (weakling DDNe)
  1832 | D:3      | HP: 17/43 [gnoll/+0 spear (8)]
  1842 | D:3      | XOM: potion effect (brilliance)
  1857 | D:3      | HP: 18/43 [gnoll/+0 whip (3)]
  1870 | D:3      | Reached skill level 2 in Staves
  1878 | D:3      | HP: 10/43 [gnoll/+0 spear (10)]
  1909 | D:2      | XOM: harmless Tmut miscast
  2239 | D:3      | Reached XP level 6. HP: 28/49 MP: 6/6
  2397 | D:3      | Reached skill level 5 in Fighting
  2397 | D:3      | Reached skill level 3 in Staves
  2451 | D:3      | XOM: divination: detect creatures
  2598 | D:3      | XOM: divination: detect items
  2731 | D:3      | Noticed a hungry ghost
  2742 | D:3      | Killed a hungry ghost
  2742 | D:3      | Reached skill level 4 in Staves
  2742 | D:3      | Reached XP level 7. HP: 49/56 MP: 7/7
  2789 | D:3      | XOM: scenery: create altars
  2859 | D:3      | Killed redwoodhats's ghost
  2885 | D:3      | XOM: god gift: book of Ice
  3078 | D:4      | Reached skill level 5 in Staves
  3213 | D:4      | Reached XP level 8. HP: 38/64 MP: 8/8
  3264 | D:4      | XOM: scenery: 1 doors open
  3415 | D:4      | XOM: cleaving
  3422 | D:4      | Reached skill level 6 in Staves
  3422 | D:4      | Reached skill level 1 in Dodging
  3533 | D:4      | Found an opulent altar of Gozag.
  3536 | D:4      | Found Gozag's Platinum Reserve.
  3742 | D:5      | Entered Level 5 of the Dungeon
  3877 | D:5      | Noticed Sigmund
  3879 | D:5      | XOM: summons 8 friendly demons
  3888 | D:5      | Killed Sigmund
  4416 | D:5      | XOM: give mutations
  4416 | D:5      | Gained mutation: You are surrounded by a mild repulsion
                  | field. (EV +2) [Xom's grace]
  4416 | D:5      | Gained mutation: You are partially covered in icy blue
                  | scales. (AC +2) [Xom's grace]
  4416 | D:5      | Gained mutation: You possess an exceptional clarity of
                  | mind. [Xom's grace]
  4583 | D:5      | XOM: scenery: create altars
  4728 | D:5      | XOM: god gift: club {god gift}
  4830 | D:6      | XOM: medium Conj miscast
  4896 | D:6      | XOM: scenery: create altars
  5110 | D:6      | Found a burning altar of Makhleb.
  5119 | D:6      | Reached skill level 7 in Staves
  5119 | D:6      | Reached XP level 9. HP: 62/71 MP: 9/9
  5230 | D:6      | XOM: god gift: 41 gold pieces
  5252 | D:6      | XOM: cleaving
  5489 | D:6      | Learned a level 1 spell: Apportation
  5520 | D:6      | XOM: god gift: scorched iron ring {god gift}
  5521 | D:6      | Got a scorched iron ring {god gift}
  5522 | D:6      | Identified the ring "Touhot" {rF+ Str+2 Dex-4 Slay+2} (Xom
                  | gifted it to you on level 6 of the Dungeon)
  5719 | D:6      | XOM: scenery: create altars
  5749 | D:6      | XOM: harmless Ice miscast
  5932 | D:7      | Reached skill level 8 in Staves
  6003 | D:7      | Found a staircase to the Ecumenical Temple.
  6035 | D:7      | You fall through a shaft for 2 floors!
  6035 | D:9      | Found a staircase to the Lair.
  6045 | Lair:1   | Entered Level 1 of the Lair of Beasts
  6081 | D:9      | XOM: fog
  6085 | D:9      | Reached skill level 5 in Armour
  6139 | D:9      | Noticed Maurice
  6141 | D:9      | XOM: divine lightning
  6146 | D:9      | Noticed a troll
  6158 | Lair:1   | XOM: potion effect (might)
  6164 | Lair:1   | Killed Maurice
  6164 | Lair:1   | Reached skill level 9 in Staves
  6164 | Lair:1   | Reached XP level 10. HP: 57/80 MP: 10/10
  6194 | D:9      | XOM: potion effect (brilliance)
  6195 | D:9      | XOM: noise
  6196 | D:9      | HP: 38/80 [troll (3)]
  6218 | D:9      | HP: 30/82 [wight/+1 falchion (1)]
  6225 | D:9      | XOM: potion effect (brilliance)
  6226 | D:9      | HP: 31/82 [wight/+0 trident (1)]
  6238 | D:9      | HP: 32/82 [wight/+0 trident (1)]
  6247 | D:9      | Found Elamed's Antique Armour Boutique.
  6255 | D:9      | Bought a runed cloak for 195 gold pieces
  6293 | D:8      | Noticed Pikel
  6306 | D:8      | Noticed Harold
  6308 | D:8      | HP: 38/82 [ice beast (7)]
  6310 | D:8      | XOM: enchant monster (good)
  6322 | D:8      | HP: 36/82 [adder (2)]
  6328 | D:8      | HP: 36/82 [slave[Pikel] (2)]
  6333 | D:9      | HP: 32/82 [adder (1)]
  6344 | D:9      | XOM: cast spell 'Summon Ice Beast'
  6346 | D:9      | HP: 37/82 [slave[Pikel] (2)]
  6362 | D:9      | HP: 37/82 [orc warrior/+0 war axe (9)]
  6368 | D:9      | HP: 27/82 [orc warrior/+0 war axe (6)]
  6379 | D:9      | HP: 18/82 [orc warrior/+0 war axe (6)]
  6402 | D:9      | HP: 15/82 [gnoll sergeant/+0 spear (5)]
  6405 | D:9      | XOM: severe Ice miscast
  6405 | D:9      | HP: 4/82 [something (12)]
  6412 | D:9      | XOM: harmless Chrm miscast
  6414 | D:9      | Slain by a troll

Skill      XL: |  1  2  3  4  5  6  7  8  9 10 |
---------------+-------------------------------+-----
Maces & Flails | 4 |  4.5
Fighting       | 4 5 6 8 |  8.7
Staves         | 2 4 5 7 9 |  9.8
Dodging        | 2 |  2.6
Armour         | 3 5 6 |  6.4

Action                   |  1- 3 |  4- 6 |  7- 9 | 10-12 || total
-------------------------+-------+-------+-------+-------++-------
Melee: Mace              |    74 |    13 |       |       ||    87
       Quarterstaff      |       |   136 |   276 |    66 ||   478
 Abil: Dig               |       |       |     1 |       ||     1
 Stab: Paralysed         |       |       |     4 |       ||     4
       Confused          |       |       |     1 |       ||     1
  Eat: Chunk             |       |     6 |    13 |     1 ||    20
Armor: Leather armour    |    32 |    54 |    14 |       ||   100
       Scale mail        |       |       |    39 |       ||    39
       Chain mail        |       |       |    53 |    43 ||    96
Dodge: Dodged            |    51 |    99 |   153 |    51 ||   354

Levels and vault maps discovered:
D:1:      zaba_arrival_water, layout_basic
D:2:      layout_rooms, overflow_temple_1_default, lemuel_round_altar,
          uniq_crazy_yiuf_cottage, uniq_robin
D:3:      layout_rooms, ashenzari_conservatory_becter, serial_curves,
          eino_curves_04, eino_curves_03, eino_curves_03, eino_curves_03,
          gammafunk_ghost_necromancy
D:4:      layout_gridville, nicolae_gozag_zags_fifth_avenue
D:5:      layout_layer_cave, nicolae_overflow_hidden_temple, serial_rivers,
          chequers_serial_rivers_micro_b, chequers_serial_rivers_marsh,
          chequers_serial_rivers_micro_d, chequers_serial_rivers_micro_a,
          chequers_serial_rivers_room_b, chequers_serial_rivers_small_b,
          first_ration, uniq_sigmund
D:6:      layout_basic, bloody_makhleb
D:7:      layout_basic, minmay_temple_entry_junction, enter_ossuary_5,
          grunt_ministairs_12
D:8:      layout_cave_pools, lemuel_crystal_altar, the_bakery,
          nemelex_diamond_rough_becter, uniq_harold, uniq_joseph, uniq_pikel
D:9:      layout_big_octagon, lair_entry_dummy,
          kennysheep_orc_monster_closet_entryway, serial_shops, shop,
          basic_altar, uniq_maurice
Lair:1:   layout_loops_ring, basic_altar, tgw_fedhas, grunt_megastairs_4
